 Dungeon Crawl Stone Soup version 0.22.1-2-g9c5b331 (webtiles) character file.

87 dvd the Chopper (level 4, -5/37 HPs)
             Began as a Minotaur Gladiator on Nov 18, 2018.
             Was a Follower of Uskayaw.
             Slain by a gnoll
             ... wielding a +0 club
              (7 damage)
             ... on level 2 of the Dungeon.
             The game lasted 00:02:16 (1359 turns).

dvd the Chopper (Minotaur Gladiator)                Turns: 1359, Time: 00:02:17

Health: -5/37      AC:  3    Str: 18    XL:     4   Next: 28%
Magic:  3/3        EV: 13    Int:  5    God:    Uskayaw [*.....]
Gold:   65         SH:  0    Dex: 13    Spells: 3/3 levels left

rFire    . . .     SeeInvis .   a - +0 war axe
rCold    . . .     Gourm    .   (no shield)
rNeg     . . .     Faith    .   b - +0 leather armour
rPois    .         Spirit   .   c - +0 hat
rElec    .         Reflect  .   (no cloak)
rCorr    .         Harm     .   (no gloves)
MR       .....     Rnd*Tele +   (no boots)
Stlth    +.........             (no amulet)
HPRegen  0.12/turn              e - ring of teleportation (curse)
MPRegen  0.08/turn              (no ring)

@: no status effects
A: retaliatory headbutt, horns 2
a: Stomp, Renounce Religion


You were on level 2 of the Dungeon.
You worshipped Uskayaw.
Uskayaw was noncommittal.
You were not hungry.

You visited 1 branch of the dungeon, and saw 2 of its levels.

You collected 65 gold pieces.

Inventory:

Hand Weapons
 a - a +0 war axe (weapon)
 g - a +0 whip of venom
Missiles
 d - 3 throwing nets (quivered)
Armour
 b - a +0 leather armour (worn)
 c - a +0 hat (worn)
Jewellery
 e - a cursed ring of teleportation (left hand)
Scrolls
 i - a scroll of enchant armour {unknown}
 j - a scroll of identify {unknown}
 k - a scroll of teleportation {unknown}
Potions
 l - a potion of haste {unknown}
Comestibles
 f - 3 rations


   Skills:
 + Level 2.9 Fighting
 + Level 4.4(4.6) Axes
 + Level 1.4(3.1) Maces & Flails
 + Level 2.3 Throwing
 + Level 1.2 Armour
 + Level 4.1 Dodging


You had 3 spell levels left.
You didn't know any spells.
Your spell library was empty.

Dungeon Overview and Level Annotations

Branches:
Dungeon (2/15)

Altars:
Uskayaw


Innate Abilities, Weirdness & Mutations

You reflexively headbutt those who attack you in melee.
You have a pair of horns on your head.


Message History

The gnoll is lightly wounded.
You hit the gnoll. You barely miss the gnoll. The gnoll hits you.
* * * LOW HITPOINT WARNING * * *
The gnoll barely misses you. The gnoll hits you but does no damage.
The gnoll misses you.
Unknown command.
The gnoll hits you from afar with a spear.
* * * LOW HITPOINT WARNING * * *
A ball python comes into view.
You can no longer pass through a line of other dancers.
Found a smoky sapphire potion.
The ball python bites you.
* * * LOW HITPOINT WARNING * * *
The ball python grabs you.
* * * LOW HITPOINT WARNING * * *
The ball python constricts you.
Found 11 poisoned needles.
You escape the ball python's grasp.
The gnoll misses you. The gnoll hits you with a club!
You die...

..................#
#.................### ..
...........)....#...#...
#.............####......
............#.###..#....
.....................(..
#.#..#.##.##..........#.
#.#.##.#...>.......##...
..#............>@..!....
.....#........gg.....##.
##.............gS....#
##...................#
#.....................#
#.#..[<...............#
#.#...)................#
#g#.................##.#
..#.##.......#.....## .#


You could see 3 gnolls and a ball python.

Vanquished Creatures
  Jessica (D:2)
  A gnoll (D:2)
  2 adders (D:2)
  An ooze (D:1)
  3 leopard geckos
  A giant cockroach (D:1)
  3 goblins
  2 hobgoblins (D:1)
  4 jackals (D:1)
  4 kobolds
  A bat (D:1)
  5 frilled lizards
  A rat (D:1)
29 creatures vanquished.

Notes
Turn   | Place    | Note
-------+----------+-------------------------------------------
     0 | D:1      | dvd the Minotaur Gladiator began the quest for the Orb.
     0 | D:1      | Reached XP level 1. HP: 18/18 MP: 0/0
   180 | D:1      | Reached XP level 2. HP: 24/25 MP: 1/1
   736 | D:2      | Noticed Jessica
   743 | D:2      | Reached XP level 3. HP: 22/30 MP: 2/2
   745 | D:2      | Killed Jessica
  1016 | D:2      | Found a hide-covered altar of Uskayaw.
  1041 | D:2      | Reached XP level 4. HP: 25/37 MP: 3/3
  1069 | D:2      | Became a worshipper of Uskayaw the Reveler
  1092 | D:2      | Reached skill level 1 in Maces & Flails
  1092 | D:2      | Reached * piety under Uskayaw
  1343 | D:2      | Reached skill level 1 in Armour
  1346 | D:2      | Reached ** piety under Uskayaw
  1359 | D:2      | Slain by a gnoll

Skill      XL: |  1  2  3  4 |
---------------+-------------+-----
Axes           | 4 |  4.4
Dodging        | 4 |  4.1
Maces & Flails | 1 |  1.4
Armour         | 1 |  1.2
Fighting       | |  2.9
Throwing       | |  2.3

Action                   |  1- 3 |  4- 6 || total
-------------------------+-------+-------++-------
Melee: Whip              |    48 |     1 ||    49
       War axe           |     4 |     7 ||    11
       Headbutt          |     9 |     3 ||    12
 Stab: Distracted        |     1 |       ||     1
  Eat: Chunk             |       |     1 ||     1
Armor: Leather armour    |     5 |     6 ||    11
Dodge: Dodged            |    28 |    24 ||    52
